 Dungeon Crawl Stone Soup version 0.28-a0-861-ge64d6db94f (webtiles) character file.

Game seed: 9385485582676451264

40 a11behringer the Insei (level 3, -2/28 HPs)
             Began as a Demigod Transmuter on Nov 16, 2021.
             Slain by an iguana (3 damage)
             ... on level 2 of the Dungeon.
             The game lasted 00:05:08 (1559 turns).

a11behringer the Insei (Demigod Transmuter)         Turns: 1559, Time: 00:05:08

Health: -2/28      AC:  2    Str: 11    XL:     3   Next: 14%
Magic:  8/8        EV: 12    Int: 19    God:
Gold:   52         SH:  0    Dex: 14    Spells: 5/6 levels left

rFire   . . .      SeeInvis .     - Unarmed
rCold   . . .      Faith    .   (no shield)
rNeg    + . .      Spirit   .   a - +0 robe
rPois   .          Reflect  .   (helmet currently unavailable)
rElec   .          Harm     .   (no cloak)
rCorr   .          Rampage  .   (no gloves)
Will    .....                   (boots currently unavailable)
Stlth   +.........              (no amulet)
HPRegen 0.09/turn               e - ring of positive energy
MPRegen 0.11/turn               (no ring)

@: appendages (expiring)
A: horns 2, talons 2, high mp 1, forlorn
a: End Transformation


You were on level 2 of the Dungeon.
You had temporarily grown beastly horns and talons.
You visited 1 branch of the dungeon, and saw 2 of its levels.

You collected 52 gold pieces.

Inventory:

Armour
 a - a +0 robe (worn)
Jewellery
 e - a ring of positive energy (left hand)
Scrolls
 c - a scroll of teleportation {unknown}
 d - 3 scrolls of enchant weapon {unknown}
Potions
 b - a potion of magic {unknown}
 f - a potion of degeneration {unknown}


   Skills:
 + Level 1.1 Fighting
 + Level 1.8 Dodging
 + Level 3.1 Unarmed Combat
 + Level 2.1 Spellcasting
 * Level 2.4 Transmutations


You had 5 spell levels left.
You knew the following spells:

 Your Spells              Type           Power      Damage    Failure   Level
a - Beastly Appendage     Tmut           22%        N/A       6%          1

Your spell library contained the following spells:

 Spells                   Type           Power      Damage    Failure   Level
 Wereblood                Tmut           11%        N/A       9%          2
 Spider Form              Tmut/Pois      6%         N/A       30%         3
 Ice Form                 Ice/Tmut       6%         N/A       69%         4


Dungeon Overview and Level Annotations

Branches:
Dungeon (2/15)


Innate Abilities, Weirdness & Mutations

You have temporarily grown beastly horns and talons.
Your attributes grow dramatically as you level up.
You have an increased reservoir of magic. (+10% MP)
You shall have no god before yourself.


Message History

Found 24 stones.
An iguana comes into view.
Casting: Beastly Appendage (safe; 6% risk of failure)
Confirm with . or Enter, or press ? or * to list all spells.
You grow a pair of large bovine horns.
Your feet morph into talons.
The iguana hisses angrily.
Found a bubbling yellow potion.
You hit the iguana.
You headbutt the iguana, but do no damage.
The iguana is lightly wounded.
The iguana bites you!
You hit the iguana but do no damage. Your kick misses the iguana.
The iguana is lightly wounded.
You hit the iguana but do no damage. Your kick misses the iguana.
The iguana is lightly wounded.
The iguana bites you!
* * * LOW HITPOINT WARNING * * *
You hit the iguana but do no damage.
You headbutt the iguana, but do no damage.
The iguana is lightly wounded.
The iguana barely misses you.
You hit the iguana.
The iguana is moderately wounded.
The iguana barely misses you.
You hit the iguana but do no damage.
The iguana is moderately wounded.
The iguana closely misses you.
You hit the iguana.
The iguana is heavily wounded.
The iguana misses you.
You hit the iguana.
The iguana is heavily wounded.
The iguana bites you.
* * * LOW HITPOINT WARNING * * *
You hit the iguana but do no damage. Your kick misses the iguana.
Your headbutt misses the iguana.
The iguana is heavily wounded.
Your transformation is almost over.
The iguana bites you.
You die...

..###.... ........
......### #### #.......#
########.... #..##.#.##
#........... ...##.#..##
#........... .#....##..#
#...........
##....###.###..........!
##....###.#.....@l......
...............###......
##...#..##..##....(.....
#....##.#..#######......
.....##..... ...
...####...#.. ..
##........ ... .
.......# ##.. ....>. ...


You could see an iguana.

Vanquished Creatures
  An adder (D:2)
  A dart slug (D:1)
  3 ball pythons
  4 bats
  3 endoplasms (D:1)
  3 giant cockroaches
  3 hobgoblins (D:1)
  A quokka (D:1)
  2 frilled lizards (D:1)
  A kobold (D:1)
  6 rats
28 creatures vanquished.

Notes
Turn   | Place    | Note
-------+----------+-------------------------------------------
     0 | D:1      | a11behringer the Demigod Transmuter began the quest for the
                  | Orb.
     0 | D:1      | Reached XP level 1. HP: 15/15 MP: 5/5
   393 | D:1      | Reached XP level 2. HP: 20/22 MP: 5/7
   482 | D:1      | Reached skill level 3 in Unarmed Combat
   542 | D:1      | Reached skill level 1 in Fighting
  1270 | D:2      | Reached XP level 3. HP: 5/28 MP: 8/8
  1558 | D:2      | HP: 1/28 [iguana (3)]
  1559 | D:2      | Slain by an iguana

Illustrated notes

Levels and vault maps discovered:
D:1:      ncdulo_wetmaze, layout_loops_ring, chequers_ecumenical_altar_island
D:2:      layout_rooms

Skill      XL: |  1  2 |
---------------+-------+-----
Spellcasting   | 2 |  2.1
Transmutations | 2 |  2.4
Unarmed Combat | 3 |  3.1
Fighting       | 1 |  1.1
Dodging        | |  1.8

Action                   || total
-------------------------++-------
Melee: Unarmed           ||    71
       Kick              ||    17
       Headbutt          ||    12
       Punch             ||     1
 Cast: Beastly Appendage ||    24
 Stab: Sleeping          ||     2
Armor: Robe              ||    15
Dodge: Dodged            ||    46

Table legend: (Time is in decaauts)
 A = Elapsed time spent in this place.
 B = Non-inter-level travel time spent in this place.
 C = Inter-level travel time spent in this place.
 D = Time resting spent in this place.
 E = Time spent auto-exploring this place.
 F = Levels seen in this place.
 G = Mean time per level.
                   A        B        C        D        E       F      G
               +--------+--------+--------+--------+--------+-----+--------+
         Total |   1564 |   1406 |    158 |      0 |   1214 |   2 |  782.0 |
       Dungeon |   1564 |   1406 |    158 |      0 |   1214 |   2 |  782.0 |
               +--------+--------+--------+--------+--------+-----+--------+

Top non-repeatable levels by time:
     D:1: 1184 daAuts
     D:2: 380 daAuts
